 Dungeon Crawl Stone Soup version 0.27.1-4-g1640c2035a (webtiles) character file.

Game seed: 7619447538368894288

472038 pkoi the Hoplite (level 23, -1/215 HPs)
             Began as a Minotaur Fighter on Nov 15, 2021.
             Was the Champion of the Shining One.
             Shot with a bolt by a yaktaur captain (23 damage)
             ... on level 5 of the Vaults on Nov 16, 2021.
             The game lasted 02:01:47 (66287 turns).

pkoi the Hoplite (Minotaur Fighter)                Turns: 66287, Time: 02:01:47

Health: -1/215     AC: 28    Str: 39    XL:     23   Next: 55%
Magic:  0/34       EV: 16    Int:  5    God:    the Shining One [******]
Gold:   2181       SH: 20    Dex: 20    Spells: 22/22 levels left

rFire    + + .     SeeInvis .   f - +7 double sword "Dimo" {vorpal, rF+ Dex+3 Stlth+}
rCold    + + .     Faith    .   c - +1 kite shield
rNeg     + + +     Spirit   +   K - +8 plate armour of the Rose {Will+ Str+4}
rPois    .         Reflect  .   U - +2 hat
rElec    .         Harm     .   z - scarf {rC+ rF+}
rCorr    +         Rampage  .   p - +0 pair of gloves {Stlth+}
Will     ++++.                  T - -4 pair of boots of Qazlal's Envy {Str+4 Dex+3 Slay+4}
Stlth    ..........             m - amulet of guardian spirit
HPRegen  0.45/turn              n - ring of Brilliance {Will++ rCorr Slay+2}
MPRegen  0.24/turn              L - ring "Uxauxok" {rC+ Str+4 Slay+3}

@: glowing, studying Polearms
A: horns 2, retaliatory headbutt
}: 2/15 runes: barnacled, gossamer
a: Renounce Religion, Divine Shield, Cleansing Flame, Summon Divine Warrior,
Brand Weapon With Holy Wrath


You were on level 5 of the Vaults.
You worshipped the Shining One.
The Shining One was exalted by your worship.
You visited 8 branches of the dungeon, and saw 40 of its levels.
You visited 2 bazaars.
You also visited: Sewer, Bailey, Gauntlet and Volcano.

You collected 6075 gold pieces.
You spent 3894 gold pieces at shops.

Inventory:

Hand Weapons
 a - the +12 scimitar of the Thoughtful Beasts {venom, Fly rC+ rN+}
   (You found it on level 1 of the Spider Nest)

   It poisons the flesh of those it strikes.
   rC:        It protects you from cold.
   rN:        It protects you from negative energy.
   Fly:       It grants you flight.
 b - a +4 scimitar of flaming
 f - the +7 double sword "Dimo" (weapon) {vorpal, rF+ Dex+3 Stlth+}
   (You acquired it in a bazaar)

   It inflicts extra damage upon your enemies.
   Dex:       It affects your dexterity (+3).
   rF:        It protects you from fire.
   Stlth:     It makes you more stealthy.
 H - the +8 arc blade {discharge, rElec}
   (You found it on level 14 of the Dungeon)

   It occasionally unleashes powerful arcs of lightning upon striking a foe.
   These may arc to other adjacent creatures (including the wielder, but dealing
   reduced damage to them) before grounding out.
   rElec:     It insulates you from electricity.
Missiles
 k - 86 poisoned darts
 q - 32 javelins
 E - 73 boomerangs (quivered)
 G - 8 curare-tipped darts
 I - 8 throwing nets
 N - 10 boomerangs of dispersal
Armour
 c - a +1 kite shield (worn)
 p - a +0 pair of gloves of stealth (worn)
 z - a scarf of resistance (worn)
 K - the +8 plate armour of the Rose (worn) {Will+ Str+4}
   (You bought it in a shop on level 2 of the Elven Halls)

   Str:       It affects your strength (+4).
   Will:      It increases your willpower.
 T - the -4 pair of boots of Qazlal's Envy (worn) {Str+4 Dex+3 Slay+4}
   (You found it on level 1 of the Lair of Beasts)

   Str:       It affects your strength (+4).
   Dex:       It affects your dexterity (+3).
   Slay:      It affects your accuracy & damage with ranged weapons and melee
   (+4).
 U - a +2 hat (worn)
Jewellery
 m - an amulet of guardian spirit (around neck)
 n - the ring of Brilliance (left hand) {Will++ rCorr Slay+2}
   (You bought it in a shop on level 2 of the Orcish Mines)

   [ring of resist corrosion]

   Slay:      It affects your accuracy & damage with ranged weapons and melee
   (+2).
   rCorr:     It protects you from acid and corrosion.
   Will:      It greatly increases your willpower.
 w - a ring of flight
 D - a ring of see invisible
 L - the ring "Uxauxok" (right hand) {rC+ Str+4 Slay+3}
   (You found it on level 9 of the Dungeon)

   [ring of protection from cold]

   Str:       It affects your strength (+4).
   Slay:      It affects your accuracy & damage with ranged weapons and melee
   (+3).
   rC:        It protects you from cold.
 Y - a ring of protection from fire
Wands
 u - a wand of digging (9)
 y - a wand of acid (25)
 A - a wand of polymorph (4)
 C - a wand of iceblast (25)
 F - a wand of mindburst (36)
 J - a wand of flame (26)
 M - a wand of charming (15)
Scrolls
 e - 28 scrolls of teleportation
 i - 30 scrolls of identify
 j - 5 scrolls of blinking
 t - 3 scrolls of magic mapping
 x - a scroll of enchant armour
 B - a scroll of brand weapon
 O - 6 scrolls of fear
 Q - 3 scrolls of amnesia
 R - a scroll of silence
 W - 9 scrolls of fog
Potions
 d - 5 potions of might
 g - 8 potions of cancellation
 l - 14 potions of curing
 o - 4 potions of berserk rage
 r - 6 potions of heal wounds
 s - 4 potions of brilliance
 v - 9 potions of haste
 P - 2 potions of magic
 S - 3 potions of resistance
 V - 2 potions of flight
Miscellaneous
 h - a phantom mirror


   Skills:
 + Level 20.0 Fighting
 - Level 10.0(14.0) Short Blades
 - Level 16.9(17.9) Long Blades
 + Level 14.1 Throwing
 + Level 20.0 Armour
 + Level 10.2 Dodging
 + Level 21.2 Shields
 + Level 17.5 Invocations
 + Level 8.4 Evocations


You had 22 spell levels left.
You didn't know any spells.
Your spell library contained the following spells:

 Spells                   Type           Power      Damage    Failure   Level
 Animate Skeleton         Necr           0%         N/A       85%         1
 Freeze                   Ice            0%         1d3       85%         1
 Magic Dart               Conj           0%         1d3       85%         1
 Pain                     Necr           0%         1d4       85%         1
 Sandblast                Erth           0%         2d4       85%         1
 Shock                    Conj/Air       0%         1d3       85%         1
 Sting                    Tmut/Pois      0%         1d3       85%         1
 Call Imp                 Summ           0%         N/A       94%         2
 Corpse Rot               Necr/Air       N/A        N/A       94%         2
 Ensorcelled Hibernation  Hex/Ice        0%         N/A       94%         2
 Passwall                 Tmut/Erth      0%         N/A       94%         2
 Poisonous Vapours        Pois/Air       0%         N/A       94%         2
 Slow                     Hex            0%         N/A       94%         2
 Static Discharge         Conj/Air       0%         N/A       94%         2
 Sublimation of Blood     Necr           0%         N/A       94%         2
 Call Canine Familiar     Summ           0%         N/A       99%         3
 Confusing Touch          Hex            0%         N/A       99%         3
 Conjure Flame            Conj/Fire      0%         6-21      99%         3
 Frozen Ramparts          Ice            0%         1d2       99%         3
 Gell's Gravitas          Tloc           0%         N/A       99%         3
 Ignite Poison            Fire/Tmut/Pois 0%         N/A       99%         3
 Lesser Beckoning         Tloc           0%         N/A       99%         3
 Mephitic Cloud           Conj/Pois/Air  0%         N/A       99%         3
 Ozocubu's Armour         Ice            0%         N/A       99%         3
 Portal Projectile        Hex/Tloc       0%         N/A       99%         3
 Spider Form              Tmut/Pois      0%         N/A       99%         3
 Stone Arrow              Conj/Erth      0%         3d7       99%         3
 Summon Guardian Golem    Hex/Summ       0%         N/A       99%         3
 Swiftness                Air            0%         N/A       99%         3
 Teleport Other           Tloc           0%         N/A       99%         3
 Vampiric Draining        Necr           0%         2d6       99%         3
 Airstrike                Air            0%         N/A       100%        4
 Animate Armour           Summ/Erth      0%         N/A       100%        4
 Animate Dead             Necr           0%         N/A       100%        4
 Cause Fear               Hex            0%         N/A       100%        4
 Hailstorm                Conj/Ice       0%         3d3       100%        4
 Ice Form                 Ice/Tmut       0%         N/A       100%        4
 Leda's Liquefaction      Hex/Erth       0%         N/A       100%        4
 Olgreb's Toxic Radiance  Pois           0%         N/A       100%        4
 Petrify                  Tmut/Erth      0%         N/A       100%        4
 Sticky Flame             Conj/Fire      0%         2d3       100%        4
 Summon Lightning Spire   Summ/Air       0%         N/A       100%        4
 Alistair's Intoxication  Tmut/Pois      0%         N/A       100%        5
 Blade Hands              Tmut           0%         N/A       100%        5
 Bolt of Magma            Conj/Fire/Erth 0%         4d4       100%        5
 Borgnjor's Vile Clutch   Necr/Erth      0%         N/A       100%        5
 Freezing Cloud           Conj/Ice/Air   0%         6-21      100%        5
 Irradiate                Conj/Tmut      0%         3d14      100%        5
 Iskenderun's Battlesphe  Conj           0%         2d6       100%        5
 Lee's Rapid Deconstruct  Erth           0%         3d5*      100%        5
 Lightning Bolt           Conj/Air       0%         1d11      100%        5
 Metabolic Englaciation   Hex/Ice        0%         N/A       100%        5
 Silence                  Hex/Air        0%         N/A       100%        5
 Yara's Violent Unravell  Hex/Tmut       0%         3d3       100%        5
 Conjure Ball Lightning   Conj/Air       0%         3x3d6     100%        6
 Eringya's Noxious Bog    Tmut/Pois      0%         N/A       100%        6
 Iron Shot                Conj/Erth      0%         9d1       100%        6
 Shadow Creatures         Summ           N/A        N/A       100%        6
 Simulacrum               Ice/Necr       0%         N/A       100%        6
 Statue Form              Tmut/Erth      0%         N/A       100%        6
 Dragon Form              Tmut           0%         N/A       100%        7
 Orb of Destruction       Conj           0%         N/A       100%        7
 Spellforged Servitor     Conj/Summ      0%         N/A       100%        7
 Summon Hydra             Summ           0%         N/A       100%        7
 Chain Lightning          Conj/Air       0%         N/A       100%        9
 Dragon's Call            Summ           0%         N/A       100%        9
 Fire Storm               Conj/Fire      0%         5d1       100%        9


Dungeon Overview and Level Annotations

Branches:
Dungeon (15/15)            Temple (1/1) D:6            Lair (6/6) D:9
 Shoals (4/4) Lair:2       Spider (4/4) Lair:4        Slime (0/5) Lair:5
    Orc (2/2) D:9             Elf (3/3) Orc:2        Vaults (5/5) D:13
  Crypt (0/3) Vaults:3     Depths (0/5) D:15          Sewer (visited)
 Bailey (visited)         Volcano (visited)         Gauntlet (visited)

Altars:
Ashenzari
Cheibriados
Dithmenos
Elyvilon
Fedhas
Gozag
Hepliaklqana
Kikubaaqudgha
Makhleb
Nemelex Xobeh
Okawaru
Qazlal
Ru
Sif Muna
Trog
Uskayaw
Vehumet
Wu Jian
Xom
Yredelemnul
Zin
The Shining One
Beogh

Shops:
D:8 (   D:15 *   Orc:1 !   Orc:2 **:==*   Elf:2 *([:[   Elf:3 =:   Shoals:2 *[(
Vaults:2 :   Vaults:3 [([

Portals:
Trove: D:12 (show slimy rune of Zot)


Innate Abilities, Weirdness & Mutations

You have a pair of horns on your head.
You reflexively headbutt those who attack you in melee.


Message History

Press: ? - help, Q - select action, (/) - cycle Shift-Dir - straight line, f - you Really target yourself?
Okay, then.
Unknown command.
Unknown command.
You start resting.
A vault guard is nearby!
An ironbound convoker comes into view. It is wielding a +0 great mace.
The ironbound convoker shouts!
You hear a shout! x3
The vault guard hits you but does no damage.
The vault guard hits you but does no damage.
You slice the vault guard!! You headbutt the vault guard!
The vault guard is heavily wounded.
A yaktaur captain comes into view.
Unknown command.
You slash the vault guard!
The vault guard is almost dead.
You block the vault guard's attack.
You open the vault guard like a pillowcase!!!
You kill the vault guard!
The yaktaur captain wields a +0 arbalest.
The yaktaur captain shoots a bolt.
You block the bolt.
The ironbound convoker closely misses you.
You riposte.
You slash the ironbound convoker! You headbutt the ironbound convoker.
The ironbound convoker is moderately wounded.
A yaktaur comes into view.
The yaktaur shouts!
You hear a shout!
A yaktaur comes into view.
The yaktaur captain shoots a bolt.
The bolt hits you!!
* * * LOW HITPOINT WARNING * * *
You block the ironbound convoker's attack.
Things that are here:
a +0 halberd; a +0 chain mail; a human corpse The yaktaur shouts!
You slice the ironbound convoker!! You headbutt the ironbound convoker!
You kill the ironbound convoker!
The yaktaur wields a +0 arbalest.
The yaktaur shoots a bolt.
You block the bolt.
The yaktaur captain shoots a bolt.
The bolt hits you!!!
You die...

#...# ..#).#
#..#...##+##..#####
#..#..e).p........
#..#DZZ).e......
#..#...# #).# #..#.)A#
#..# #..#[)†# #..#
#..#.Z)#####).#####..##
#..#.())....)†.@.....cc
#....))........).....c.
#...)##################
#.............
#.............
##############


You could see a yaktaur captain and 2 yaktaurs.

Vanquished Creatures
  A dread lich (Vaults:5)
  Saint Roka (Vaults:2)
  Jory (Vaults:5)
  A tentacled monstrosity (Vaults:5)
  A lich (Vaults:5)
  Asterion (Elf:2)
  4 deep elf master archers (Elf:3)
  A deep elf blademaster (Elf:2)
  A titan (Vaults:4)
  A kraken (Shoals:2)
  2 tengu reavers (Vaults:4)
  Polyphemus (Shoals:4)
  5 sphinxes
  Kirke (Lair:3)
  Gastronok (Lair:1)
  3 storm dragons
  3 shadow dragons (Vaults:5)
  Donald (Spider:3)
  5 fire giants
  23 vault wardens
  5 ghost moths
  The ghost of Bolleh the Thaumaturge, a journeyman GnSk of Makhleb (Spider:1)
  6 deep elf elementalists
  7 deep elf sorcerers
  3 emperor scorpions
  Louise (Spider:4)
  7 stone giants
  22 ironbound preservers
  2 very ugly things (Vaults:4)
  3 deep elf demonologists
  10 deep elf annihilators
  11 entropy weavers
  A spark wasp (Spider:4)
  A minotaur (Gauntlet)
  8 dire elephants
  The ghost of Hetamun the Grappler, a journeyman TrMo of Makhleb (Lair:5)
  3 merfolk javelineers
  10 deep elf death magi
  Josephine (Spider:1)
  9 merfolk impalers
  3 crystal guardians
  10 yaktaur captains
  2 ettins
  A fire dragon (Volcano)
  The ghost of IBeShadow the Gouger, a journeyman FeDe of Okawaru (D:15)
  3 great orbs of eyes
  44 slime creatures
  10 hydras
  32 vault guards
  3 deep elf high priests
  10 ironbound thunderhulks
  8 boulder beetles
  2 peacekeepers
  4 alligator snapping turtles
  15 centaur warriors
  A merfolk avatar (Shoals:2)
  3 catoblepae
  3 two-headed ogres
  7 ironbound frosthearts
  8 merfolk aquamancers
  27 dancing weapons
  A two-headed ogre (shapeshifter) (Vaults:5)
  A death knight (D:15)
  The ghost of DemonSlayer the Cleaver, a journeyman TeBe of Trog (Lair:1)
  3 orc high priests
  12 death yaks
  A satyr (Shoals:4)
  3 tengu warriors
  A deep troll earth mage (D:13)
  Urug (D:13)
  23 deep elf knights
  Sonja (Lair:4)
  9 ironbound beastmasters
  18 skeletal warriors
  2 sixfirhies (D:14)
  A storm dragon skeleton (Vaults:3)
  A fire crab (Lair:4)
  A sea snake (shapeshifter) (Vaults:5)
  7 sea snakes
  15 wizards
  55 deep trolls
  21 ironbound convokers
  An orange crystal statue (Elf:1)
  12 lindwurms
  A glowing orange brain (Vaults:2)
  12 deep elf archers
  2 phantasmal warriors (Vaults:5)
  A flayed ghost (Vaults:3)
  2 necromancers (Vaults:4)
  16 harpies
  32 deep elf pyromancers
  3 oklob plants (Lair:5)
  17 orb spiders
  28 wolf spiders
  6 orc knights
  5 orc sorcerers
  A shining eye (shapeshifter) (Vaults:3)
  36 deep elf zephyrmancers
  A shadow dragon skeleton (Vaults:3)
  14 manticores
  5 fauns
  14 cyclopes
  4 black mambas
  17 vault sentinels
  3 moths of wrath
  34 ugly things
  10 water nymphs
  A stone giant skeleton (Vaults:3)
  6 elephants
  A sphinx skeleton (Vaults:3)
  7 torpor snails
  Joseph (Lair:1)
  An eye of devastation (shapeshifter) (Vaults:5)
  9 merfolk sirens
  A gargoyle (D:12)
  A human zombie (Vaults:5)
  A freezing wraith (Vaults:4)
  11 cane toads
  An unseen horror (D:12)
  A yaktaur (shapeshifter) (Gauntlet)
  11 komodo dragons
  3 rime drakes
  An efreet (D:14)
  A komodo dragon (shapeshifter) (D:15)
  42 yaktaurs
  18 demonic crawlers
  A yaktaur skeleton (Vaults:3)
  34 jumping spiders
  3 meliai (Spider:3)
  7 trolls
  22 merfolk
  3 polar bears
  12 wind drakes
  8 hornets
  15 snapping turtles
  3 raiju (D:14)
  27 blink frogs
  14 dream sheep
  A frost giant simulacrum (Vaults:5)
  A stone giant simulacrum (Vaults:5)
  A deep troll skeleton (Vaults:3)
  45 tarantellas
  78 redbacks
  Sigmund (D:3)
  3 ettin skeletons (Vaults:3)
  8 shadows (Gauntlet)
  3 wyverns
  10 air elementals
  A spriggan (Lair:1)
  5 basilisks
  25 water elementals
  3 hogs (Lair:3)
  9 wraiths
  80 yaks
  3 vampire mosquitoes (Spider:1)
  4 fire elementals
  2 elf skeletons
  6 steam dragons
  12 water moccasins
  3 wargs
  A swamp worm (shapeshifter) (Vaults:3)
  2 acid dragons
  2 hell hounds (Volcano)
  32 orc warriors
  A sky beast (D:7)
  5 ogres
  4 necrophages
  6 wolves (Lair:6)
  3 ice beasts
  A phantom (D:4)
  30 centaurs
  13 bullfrogs
  A kobold brigand (D:8)
  A wyvern zombie (D:7)
  5 earth elementals
  A water moccasin zombie (D:5)
  2 human skeletons (Vaults:3)
  3 scorpions
  A hornet simulacrum (D:15)
  20 killer bees
  20 electric eels
  5 wights (D:7)
  4 centaur zombies
  A bullfrog zombie (D:5)
  21 orc priests
  2 jellies (D:6)
  3 hounds
  4 iguanas
  5 hell rats (Lair:1)
  33 orc wizards
  A howler monkey skeleton (D:4)
  9 adders
  A river rat (Sewer)
  A shadow imp (D:7)
  2 white imps
  2 worms
  4 dart slugs
  100 orcs
  2 endoplasms
  3 giant cockroaches
  8 goblins
  4 hobgoblins
  9 kobolds
  2 quokkas
  6 ball pythons
  9 bats
  8 frilled lizards
  10 rats
  3 tentacles (Shoals:2)
1809 creatures vanquished.

Vanquished Creatures (collateral kills)
  A golden dragon (Vaults:5)
  A titan (Vaults:5)
  A sphinx (D:13)
  2 tengu reavers (Vaults:5)
  2 vault wardens (Vaults:5)
  An iron dragon (D:13)
  An emperor scorpion (Spider:4)
  A ghost moth (Spider:4)
  A stone giant (Vaults:5)
  A deep elf annihilator (Vaults:5)
  2 merfolk javelineers (Shoals:4)
  A deep elf high priest (Vaults:5)
  3 yaktaur captains (Vaults:5)
  A vault guard (Vaults:5)
  An ironbound frostheart (Vaults:5)
  A merfolk avatar (Lair:6)
  A satyr (Shoals:4)
  An ironbound convoker (Vaults:5)
  An orc knight (Orc:1)
  A necromancer (Vaults:5)
  A yaktaur zombie (Vaults:5)
  A komodo dragon (Lair:6)
  A hornet (Lair:6)
  A wind drake (Lair:6)
  A wyvern (Lair:6)
  A plant (Lair:6)
31 creatures vanquished.

Vanquished Creatures (others)
  A deep elf zephyrmancer (Elf:2)
  2 orb spiders
  A redback (Spider:2)
  An orc warrior (Vaults:5)
  An orc priest (Orc:2)
  2 orc wizards
  An orc (Vaults:5)
  38 fungi
  159 plants
  4 tentacles (Shoals:2)
210 creatures vanquished.

Grand Total: 2050 creatures vanquished

Notes
Turn   | Place    | Note
-------+----------+-------------------------------------------
     0 | D:1      | pkoi the Minotaur Fighter began the quest for the Orb.
     0 | D:1      | Reached XP level 1. HP: 19/19 MP: 0/0
   288 | D:1      | Found a faded altar of an unknown god.
   295 | D:1      | Reached skill level 4 in Shields
   295 | D:1      | Reached XP level 2. HP: 23/26 MP: 1/1
  1185 | D:2      | Reached XP level 3. HP: 31/31 MP: 2/2
  1527 | D:3      | Reached skill level 5 in Shields
  1527 | D:3      | Reached XP level 4. HP: 39/39 MP: 3/3
  1983 | D:3      | Noticed Sigmund
  2053 | D:4      | Found a glowing drain.
  2074 | Sewer    | Entered a sewer
  2538 | D:4      | Reached XP level 5. HP: 45/45 MP: 4/4
  2602 | D:4      | Noticed a phantom
  2618 | D:4      | Killed a phantom
  2619 | D:4      | Reached skill level 5 in Long Blades
  2619 | D:4      | Reached skill level 6 in Shields
  2917 | D:4      | Found a broken altar of Ashenzari.
  2973 | D:4      | Reached XP level 6. HP: 47/51 MP: 5/5
  3201 | D:4      | Found a stormy altar of Qazlal.
  3403 | D:4      | Found a glowing silver altar of Zin.
  3473 | D:5      | Entered Level 5 of the Dungeon
  3511 | D:5      | Reached skill level 7 in Shields
  3586 | D:5      | Reached XP level 7. HP: 42/57 MP: 6/6
  3824 | D:5      | Reached skill level 8 in Shields
  3832 | D:5      | Found a glowing golden altar of the Shining One.
  3899 | D:5      | Became a worshipper of the Shining One
  4110 | D:5      | Identified the +8 falchion of Grontol {venom, Contam rPois
                  | Dex+2}
  4252 | D:5      | Reached skill level 1 in Invocations
  4837 | D:6      | Reached XP level 8. HP: 61/64 MP: 8/8
  4936 | D:6      | Found a staircase to the Ecumenical Temple.
  4952 | Temple   | Entered the Ecumenical Temple
  5235 | D:6      | Reached skill level 9 in Shields
  5248 | D:6      | HP: 3/64 [poisoned by a water moccasin]
  6102 | D:6      | Reached skill level 1 in Throwing
  6246 | D:6      | Reached skill level 1 in Evocations
  6692 | D:7      | Reached XP level 9. HP: 72/72 MP: 10/10
  6861 | D:7      | Reached * piety under the Shining One
  6908 | D:7      | Found a radiant altar of Vehumet.
  7017 | D:7      | Reached skill level 5 in Fighting
  7355 | D:7      | Reached skill level 5 in Armour
  8108 | D:8      | Reached skill level 10 in Shields
  8424 | D:8      | Reached XP level 10. HP: 83/83 MP: 12/12
  8750 | D:8      | Found Xuokaj's Antique Weapon Emporium.
  8904 | D:8      | Noticed a white ugly thing
  8904 | D:8      | Reached ** piety under the Shining One
  8942 | D:8      | Killed a white ugly thing
  8943 | D:8      | Reached skill level 5 in Invocations
  9641 | D:3      | Killed Sigmund
  9786 | D:8      | Reached skill level 10 in Long Blades
 10594 | D:9      | Found a bloodstained altar of Trog.
 11001 | D:9      | Found a staircase to the Lair.
 11632 | D:9      | Identified the ring "Uxauxok" {rC+ Str+4 Slay+3}
 11727 | D:9      | Found a staircase to the Orcish Mines.
 12048 | D:10     | Entered Level 10 of the Dungeon
 12250 | D:10     | Noticed a cyan ugly thing
 12280 | D:10     | Killed a cyan ugly thing
 12987 | D:10     | Reached XP level 11. HP: 92/92 MP: 14/14
 13144 | D:10     | Reached skill level 5 in Throwing
 13587 | Orc:1    | Entered Level 1 of the Orcish Mines
 13603 | Orc:1    | Noticed an orc sorcerer
 13615 | Orc:1    | Killed an orc sorcerer
 13616 | Orc:1    | Reached skill level 11 in Shields
 13893 | Orc:1    | Found a flagged portal.
 13902 | Bailey   | Entered a bailey
 14206 | Bailey   | Noticed an orc knight
 14217 | Bailey   | Killed an orc knight
 14269 | Bailey   | Got the Tome of the Gliding Escort
 14512 | Orc:1    | Found Varchepyu's Distillery.
 14519 | Orc:1    | Bought a potion of lignification for 42 gold pieces
 14519 | Orc:1    | Bought a potion of haste for 140 gold pieces
 14843 | Orc:2    | Entered Level 2 of the Orcish Mines
 15035 | Orc:2    | Reached *** piety under the Shining One
 15036 | Orc:2    | Noticed an orc sorcerer
 15037 | Orc:2    | Noticed an orc sorcerer
 15042 | Orc:2    | Noticed an orc high priest
 15048 | Orc:2    | Noticed a sixfirhy
 15051 | Orc:2    | Noticed an orc high priest
 15255 | Orc:2    | Paralysed by an orc sorcerer for 6 turns
 15272 | Orc:1    | Killed an orc sorcerer
 15273 | Orc:1    | Reached skill level 1 in Dodging
 15417 | Lair:1   | Entered Level 1 of the Lair of Beasts
 15419 | Lair:1   | Noticed a death yak
 15419 | Lair:1   | Noticed a death yak
 15457 | D:9      | Killed a death yak
 15543 | Lair:1   | Noticed a death yak
 15551 | Lair:1   | Noticed a death yak
 15556 | Lair:1   | Noticed a death yak
 15584 | D:9      | Killed a death yak
 15730 | D:9      | Killed a death yak
 16005 | D:9      | Killed a death yak
 16019 | D:9      | Killed a death yak
 16174 | Lair:1   | Reached XP level 12. HP: 103/103 MP: 16/16
 16429 | Lair:1   | Identified the +7 morningstar "pkoi's Doom" {vorpal, rF+
                  | rN+}
 16429 | Lair:1   | Noticed a seven-headed hydra
 16445 | Lair:1   | Killed a one-headed hydra
 16695 | Lair:1   | Reached skill level 12 in Shields
 16757 | Lair:1   | Noticed Gastronok
 16782 | Lair:1   | Killed Gastronok
 16853 | Lair:1   | Noticed Joseph
 16882 | Lair:1   | Killed Joseph
 16920 | Lair:1   | Found a large runed translucent door.
 16921 | Lair:1   | Found a large runed translucent door.
 16924 | Lair:1   | Noticed DemonSlayer's ghost (journeyman TeBe)
 16942 | Lair:1   | Reached **** piety under the Shining One
 16955 | Lair:1   | Noticed a five-headed hydra
 16964 | Lair:1   | Killed a one-headed hydra
 16981 | Lair:1   | Identified the -4 pair of boots of Qazlal's Envy {Str+4
                  | Dex+3 Slay+4}
 17553 | Lair:2   | Noticed a six-headed hydra
 17559 | Lair:2   | Killed a two-headed hydra
 17751 | Lair:2   | Reached skill level 10 in Fighting
 17961 | Lair:2   | Reached XP level 13. HP: 113/113 MP: 18/18
 17979 | Lair:2   | Reached skill level 10 in Armour
 18384 | Lair:2   | Found a staircase to the Shoals.
 19780 | Lair:4   | Found a dark tunnel.
 19789 | Volcano  | Entered a volcano
 20087 | Volcano  | Reached skill level 13 in Shields
 20332 | Volcano  | Reached ***** piety under the Shining One
 20615 | Volcano  | Noticed a fire dragon
 20629 | Volcano  | Killed a fire dragon
 21126 | Lair:4   | Noticed Kirke
 21498 | Lair:4   | Found a hazy altar of Hepliaklqana.
 21600 | Lair:4   | Found a hole to the Spider Nest.
 21879 | Lair:4   | Noticed Sonja
 21982 | Lair:3   | Killed Kirke
 21983 | Lair:3   | Reached XP level 14. HP: 117/124 MP: 20/20
 22857 | Lair:5   | Found a runed translucent door.
 22858 | Lair:5   | Noticed Hetamun's ghost (journeyman TrMo)
 23059 | Lair:6   | Entered Level 6 of the Lair of Beasts
 23146 | Lair:6   | Reached skill level 10 in Invocations
 23202 | Lair:6   | Reached skill level 14 in Shields
 24300 | Lair:6   | Found a snail-covered altar of Cheibriados.
 25671 | D:11     | Reached XP level 15. HP: 126/134 MP: 22/22
 26473 | D:12     | Found a portal to a secret trove of treasure.
 26847 | D:13     | Found a flickering gateway to a bazaar.
 26876 | Bazaar   | Entered a bazaar
 26883 | Bazaar   | Found Useeh's General Store.
 26891 | Bazaar   | Found Ponwitur's Assorted Antiques.
 26901 | Bazaar   | Found Dugrubol's Assorted Antiques.
 26937 | Bazaar   | Found Yhiogoll's Assorted Antiques.
 26938 | Bazaar   | Found Edoinnyq's General Store.
 26952 | Bazaar   | Bought a shimmering chain mail for 218 gold pieces
 26952 | Bazaar   | Identified the +8 chain mail of Ashenzari's Pride {Int+2}
                  | (You bought it in a shop in a bazaar)
 26952 | Bazaar   | Bought a scroll of teleportation for 69 gold pieces
 26979 | Bazaar   | Bought a wand of acid (11) for 330 gold pieces
 26996 | Bazaar   | Bought a scroll of blinking for 270 gold pieces
 26996 | Bazaar   | Bought a dented platinum amulet for 180 gold pieces
 26996 | Bazaar   | Bought a potion of haste for 360 gold pieces
 27701 | D:13     | Noticed Urug
 27713 | D:13     | Killed Urug
 27950 | D:13     | Found a gate to the Vaults.
 27998 | D:13     | Noticed a fire giant
 28006 | D:13     | Killed a fire giant
 28143 | D:13     | Noticed an iron dragon
 28145 | D:13     | Noticed a sphinx
 28156 | D:13     | Killed a sphinx
 28160 | D:13     | Killed an iron dragon
 28724 | D:13     | Reached skill level 15 in Shields
 29623 | Orc:2    | Reached skill level 15 in Long Blades
 29664 | Orc:2    | Found Ziuh Bosoe's Assorted Antiques.
 29664 | Orc:2    | Found Parr's Jewellery Emporium.
 29665 | Orc:2    | Found Hiatoss's Jewellery Shop.
 29665 | Orc:2    | Found Bavoanku's Book Shop.
 29830 | Orc:2    | Found a staircase to the Elven Halls.
 30210 | Orc:2    | Found Tayduuxo's General Store.
 30212 | Orc:2    | Found Boroe's Specific Store.
 30780 | D:14     | Found a gate leading to a gauntlet.
 30807 | Gauntlet | Entered a Gauntlet
 30807 | Gauntlet | Found a transporter.
 30807 | Gauntlet | Found a runed translucent door.
 30808 | Gauntlet | Found a runed translucent door.
 30812 | Gauntlet | Found a transporter.
 30814 | Gauntlet | Found a transporter.
 30825 | Gauntlet | Found a transporter.
 30828 | Gauntlet | Found a transporter.
 30836 | Gauntlet | Found a transporter.
 30852 | Gauntlet | Found a transporter.
 30863 | Gauntlet | Found a transporter.
 30873 | Gauntlet | Found a transporter.
 30888 | Gauntlet | Found a transporter.
 30901 | Gauntlet | Found a transporter.
 30901 | Gauntlet | Found a transporter.
 30948 | Gauntlet | Found a transporter.
 30962 | Gauntlet | Found a transporter.
 31118 | Gauntlet | Identified the ring "Zysausyo" {Wiz Int+5}
 31583 | D:14     | Noticed a storm dragon
 31600 | D:14     | Killed a storm dragon
 31620 | D:14     | Reached XP level 16. HP: 144/145 MP: 19/23
 31842 | D:14     | Found the +8 arc blade {discharge, rElec}
 32273 | Spider:1 | Entered Level 1 of the Spider Nest
 32664 | Spider:1 | Reached ****** piety under the Shining One
 32961 | Spider:1 | Noticed Josephine
 32968 | Spider:1 | Killed Josephine
 33015 | Spider:1 | Found a runed translucent door.
 33019 | Spider:1 | Noticed Bolleh's ghost (journeyman GnSk)
 33136 | Spider:1 | Killed Bolleh's ghost
 33141 | Spider:1 | Identified the +12 scimitar of the Thoughtful Beasts
                  | {venom, Fly rC+ rN+}
 33183 | Spider:1 | Identified the +2 dagger of Luxury {spect, Drain +Rage rF++
                  | Dex+4}
 33232 | Spider:1 | Reached skill level 16 in Shields
 35292 | Spider:3 | Reached XP level 17. HP: 135/154 MP: 21/25
 35725 | Shoals:1 | Entered Level 1 of the Shoals
 36135 | Shoals:1 | Reached skill level 15 in Fighting
 36321 | Shoals:1 | Reached skill level 15 in Armour
 37359 | Shoals:2 | Noticed a kraken
 37374 | Shoals:2 | Killed a kraken
 37547 | Shoals:2 | Found a flickering gateway to a bazaar.
 37990 | Shoals:2 | Found Ozegips's Merfolk Weapons.
 37990 | Shoals:2 | Found Ozegips's Visitors' Centre.
 37995 | Shoals:2 | Found Ozegips's Merfolk Magic.
 37995 | Shoals:2 | Found Ozegips's Merfolk Armours.
 38078 | Bazaar   | Entered a bazaar
 38091 | Bazaar   | Found Fuimyq's Jewellery Emporium.
 38157 | Bazaar   | Found Cipihirph's Assorted Antiques.
 38230 | Bazaar   | Found Kydwuho's Magic Scroll Boutique.
 38281 | Bazaar   | Found Rijum's Jewellery Emporium.
 38399 | Bazaar   | Bought a scroll of teleportation for 36 gold pieces
 38399 | Bazaar   | Bought a scroll of acquirement for 624 gold pieces
 38399 | Bazaar   | Acquired the +7 double sword "Dimo" {vorpal, rF+ Dex+3
                  | Stlth+}
 39100 | Shoals:3 | Reached skill level 17 in Shields
 40270 | Shoals:4 | Entered Level 4 of the Shoals
 40308 | Shoals:4 | Paralysed by an air elemental for 1 turns
 40357 | Shoals:4 | Reached skill level 1 in Short Blades
 40843 | Shoals:4 | Paralysed by an air elemental for 1 turns
 40848 | Shoals:4 | Paralysed by an air elemental for 1 turns
 41230 | Shoals:4 | Paralysed by an air elemental for 1 turns
 42440 | Shoals:4 | Paralysed by an air elemental for 1 turns
 42450 | Shoals:4 | Reached XP level 18. HP: 111/166 MP: 19/27
 42752 | Shoals:4 | Got a barnacled rune of Zot
 42893 | Shoals:4 | Noticed Polyphemus
 42995 | Shoals:4 | Killed Polyphemus
 44265 | Spider:4 | Entered Level 4 of the Spider Nest
 44296 | Spider:4 | Noticed Louise
 44594 | Spider:4 | Noticed Donald
 44615 | Spider:3 | Killed Donald
 44902 | Spider:4 | Reached skill level 5 in Short Blades
 45358 | Spider:4 | Killed Louise
 45653 | Spider:4 | Reached skill level 18 in Shields
 46053 | Spider:4 | Got a gossamer rune of Zot
 46487 | D:15     | Entered Level 15 of the Dungeon
 46524 | D:15     | Found a staircase to the Depths.
 47020 | D:15     | Found a runed translucent gate.
 47020 | D:15     | Found a runed translucent gate.
 47022 | D:15     | Found Paog's Assorted Antiques.
 47022 | D:15     | Found an opulent altar of Gozag.
 47023 | D:15     | Found a runed translucent gate.
 47023 | D:15     | Noticed IBeShadow's ghost (journeyman FeDe)
 47289 | D:15     | Paralysed by a great orb of eyes for 4 turns
 47344 | D:15     | Killed IBeShadow's ghost
 47529 | Vaults:1 | Entered Level 1 of the Vaults
 47546 | Vaults:1 | Reached XP level 19. HP: 174/174 MP: 28/28
 47653 | D:13     | Reached skill level 10 in Throwing
 50064 | Vaults:2 | Identified the +12 dagger "Kiggoi Osui" {vorpal, rPois rC++
                  | Will- SInv}
 50078 | Vaults:2 | Reached skill level 15 in Invocations
 50879 | Vaults:2 | Reached skill level 19 in Shields
 50963 | Vaults:2 | Noticed Saint Roka
 51042 | Vaults:2 | Killed Saint Roka
 51043 | Vaults:2 | Reached XP level 20. HP: 86/185 MP: 13/30
 52407 | Vaults:2 | Found Gewkam's Book Shop.
 53422 | Orc:2    | Bought the ring of Brilliance {Will++ rCorr Slay+2} for 525
                  | gold pieces
 54015 | Vaults:3 | Found Gozag's Antique Armour Shoppe.
 54023 | Vaults:3 | Found an opulent altar of Gozag.
 54024 | Vaults:3 | Found Gozag's Antique Weapon Emporium.
 54048 | Vaults:3 | Found Gozag's Antique Armour Emporium.
 54261 | Vaults:3 | Reached skill level 10 in Short Blades
 54530 | Vaults:3 | Got Zaum's Incunabulum of Evil Magic and Shape Shifting
 54962 | Vaults:3 | Reached XP level 21. HP: 195/195 MP: 31/31
 54969 | Vaults:3 | Found a staircase to the Crypt.
 55405 | Vaults:3 | Reached skill level 5 in Dodging
 56303 | Vaults:4 | Identified the +3 ring mail of Negligence {rF+}
 56804 | Vaults:4 | Reached skill level 20 in Shields
 57460 | Vaults:4 | Reached skill level 5 in Evocations
 57909 | Elf:1    | Entered Level 1 of the Elven Halls
 58641 | Elf:1    | Found the +5 sword of Power {vorpal}
 59061 | Elf:2    | Found Axzut's Antique Weapon Shop.
 59153 | Elf:2    | Noticed Asterion
 59162 | Elf:2    | Killed Asterion
 59403 | Elf:2    | Found Ynuykhle's Antique Armour Shop.
 59409 | Elf:2    | Bought an ichor-stained plate armour for 868 gold pieces
 59409 | Elf:2    | Identified the +8 plate armour of the Rose {Will+ Str+4}
                  | (You bought it in a shop on level 2 of the Elven Halls)
 59409 | Elf:2    | Bought a pair of glowing boots for 232 gold pieces
 59467 | Elf:2    | Found Juraffui's Book Shop.
 59511 | Elf:2    | Found Noczil's Armour Shop.
 59712 | Elf:2    | Found Upirgh's Assorted Antiques.
 59761 | Elf:2    | Found a runed translucent gate.
 59762 | Elf:2    | Found a runed translucent gate.
 59762 | Elf:2    | Found a runed translucent gate.
 60372 | Elf:2    | Reached XP level 22. HP: 205/205 MP: 33/33
 61168 | Elf:3    | Entered Level 3 of the Elven Halls
 61825 | Elf:3    | Found the +27 Lear's hauberk
 62009 | Elf:3    | Found Nadol's Book Emporium.
 62010 | Elf:3    | Found Dyquown's Jewellery Emporium.
 62645 | Elf:3    | Identified the +5 battleaxe of Foolhardiness {freeze, rF++
                  | Will++ Dex-3}
 62760 | Elf:3    | Identified the +1 scale mail "Xaetemit" {Dex+4}
 63050 | Elf:3    | Got Asmodeus's Catalogue of Aerial Arcane Weapons
 63067 | Elf:3    | Got the Papyrus of Stones
 63069 | Elf:3    | Identified the +7 short sword of the Assorted Brambles
                  | {flame, Int+3 Dex+4}
 63073 | Elf:3    | Identified the +8 hunting sling "Dosaub" {freeze, Drain
                  | Int+4}
 63435 | Lair:1   | Killed DemonSlayer's ghost
 63516 | Lair:4   | Killed Sonja
 63646 | Lair:5   | Killed Hetamun's ghost
 63687 | Lair:5   | Found a staircase to the Slime Pits.
 64297 | Vaults:5 | Entered Level 5 of the Vaults
 64938 | Vaults:5 | Reached XP level 23. HP: 181/215 MP: 10/34
 66089 | Vaults:5 | Noticed an ancient lich
 66096 | Vaults:5 | Reached skill level 21 in Shields
 66097 | Vaults:5 | Noticed Jory
 66111 | Vaults:5 | Killed Jory
 66132 | Vaults:5 | Noticed a dread lich
 66141 | Vaults:5 | Killed a dread lich
 66168 | Vaults:5 | Reached skill level 10 in Dodging
 66181 | Vaults:5 | HP: 10/215 [yaktaur captain/bolt (1)]
 66287 | Vaults:5 | Shot with a bolt by a yaktaur captain

Illustrated notes

Levels and vault maps discovered:
D:1:      wander_arrival_peaceful_grave, layout_basic,
          chequers_ecumenical_altar_simple_redux
D:2:      layout_rooms
D:3:      layout_basic, chequers_serial_rivers_small_3, kennysheep_crisscross,
          uniq_sigmund
D:4:      layout_loops_ring, nicolae_overflow_hidden_temple,
          cheibrodos_sewer_entry_bend
D:5:      layout_basic, tso_metal_star, mrwooster_statue_mirror,
          minmay_fractal_squares_gapless_5
D:6:      layout_basic, minmay_temple_entry_large_hall,
          amcnicky_mini_pool_small, minmay_holes, kennysheep_generic_room_7
D:7:      layout_layer_cave, vehumet_altar_wand_db, eino_jars
D:8:      layout_loops_ring, serial_shops, nicolae_shop_trees, minmay_microvault
D:9:      layout_cave_pods, trog_three_pillars_becter, lair_entry_dummy,
          erik_orc_2, serial_bayou, serial_bayou_shore_b, serial_bayou_pond_a,
          serial_bayou_lagoon_a, serial_bayou_ford_a
D:10:     layout_basic
D:11:     layout_basic, grunt_ministairs_3, minivault_20
D:12:     layout_cave_pools, nicolae_trove_entry_isolated
D:13:     layout_cave_pods, david_vaults_5, serial_shops, bzr_entry_lakeside,
          minmay_diamond_spiral, uniq_urug
D:14:     minmay_shoctagon, layout_irregular_city, gauntlet_entry_generic,
          glass_columns_c, kennysheep_generic_room_4
D:15:     grunt_enter_depths_giant_problem, layout_basic, ebering_ghost_gozag,
          special_room [special_room_orc], hangedman_decor_peaks_small
Temple:   nicolae_temple_elliptical
Lair:1:   layout_loops_ring, ebering_ghost_disaster_area,
          grunt_forest_large_clearing_hut, lemuel_fruit_tree, uniq_joseph,
          uniq_gastronok
Lair:2:   layout_small_grid, minmay_shoals_entry_centaurs, fungi_pond_lemuel,
          serial_bayou_shore_b
Lair:3:   layout_regular_city, hangedman_lair_unloving_vines, st_stairs_13,
          infiniplex_staircase_pool, grunt_megastairs_5
Lair:4:   nzn_winding_woodlands_medium [nzn_winding_woodlands_5x5_closed_star,
          nzn_winding_woodlands_5x15_sawtooth,
          nzn_winding_woodlands_5x5_open_star,
          nzn_winding_woodlands_5x5_default,
          nzn_winding_woodlands_center_garden,
          nzn_winding_woodlands_5x5_default, nzn_winding_woodlands_5x5_cross,
          nzn_winding_woodlands_5x15_jagged,
          nzn_winding_woodlands_5x5_checkerboard], layout_hall_layers,
          nicolae_spider_entry_orb_guardian, basic_altar,
          nicolae_volcano_entry_vermiform, serial_bayou_shore_b, uniq_sonja,
          uniq_kirke
Lair:5:   layout_big_grid, minmay_slime_entry_oklob_enclosed,
          gammafunk_ghost_grave
Lair:6:   gammafunk_lair_ancient_temple, layout_small_grid,
          kennysheep_snail_temple
Shoals:1: layout_shoals, st_cyclops
Shoals:2: nicolae_shoals_mermall, layout_shoals, serial_shops, bzr_entry_dummy
Shoals:3: layout_shoals
Shoals:4: shoals_end_hellmonk_storm_palace [storm_palace_center_circular,
          storm_palace_corner_blocked, storm_palace_corner_pillars,
          storm_palace_corner_narrow, storm_palace_corner_narrow], serial_shops,
          uniq_polyphemus
Spider:1: nicolae_spider_hall_of_the_moth_king, ebering_ghost_reflecting_pool,
          einodemon_crawler_minivault, uniq_josephine
Spider:2: layout_spider_delve
Spider:3: layout_spider_delve
Spider:4: spider_rune_water, uniq_louise, uniq_donald
Orc:1:    layout_caves, enter_bailey_3, serial_shops, shop_statue
Orc:2:    st_orc_elflike, layout_caves, nicolae_orc_damp_corner,
          nicolae_specific_store, nicolae_orc_lost_temple
Elf:1:    layout_rooms, kennysheep_underground_church, minivault_16,
          minivault_24, grunt_ministairs_3, minivault_26, minmay_crystal_room
Elf:2:    nicolae_elf_blades_crystal_corner, layout_loops_corners, serial_shops,
          nicolae_shop_overgrown_old_shop, nicolae_lakefront_shop,
          nicolae_square_shop, shop, nicolae_shop_stone, uniq_asterion
Elf:3:    minmay_elf_hall_statues, layout_loops_cross, serial_shops, shop,
          nicolae_shop_statue_plus
Vaults:1: v_misc_30, v_pattern_2, nicolae_vaults_what_the_h,
          ontoclasm_vaults_tryst, nicolae_vaults_asterisk, grunt_vaults_funnel,
          nicolae_vaults_mini_display_case, grunt_vaults_hallway_long,
          nicolae_vaults_network_square, ontoclasm_vaults_decontamination,
          layout_vaults_omnigrid
Vaults:2: nicolae_vaults_network_s, v_rooms_6, vaults_room_guarded_vault,
          nicolae_vaults_little_squares_6, hangedman_vaults_hat,
          vaults_standard_mumra_x, v_misc_29, ontoclasm_vaults_ligature,
          v_pattern_3, vaults_room_pools, layout_vaults_big_cross, serial_shops,
          shop, uniq_saint_roka
Vaults:3: kennysheep_vaults_gozag_temple, grunt_vaults_trifunnel,
          vaults_room_ringed_pool, v_misc_4, nicolae_vaults_border_crossing,
          hangedman_vaults_capsules, v_misc_8,
          minmay_crypt_entry_skeletal_spiral, v_misc_26,
          nicolae_vaults_little_squares_2, vaults_dpeg_spiral,
          ontoclasm_vaults_misaligned, nicolae_vaults_circle_grid_a,
          dpeg_vaults_monster_box, vaults_room_pool,
          nicolae_vaults_little_squares_6, layout_vaults_omnibox
Vaults:4: nicolae_vaults_ring_of_whatevers, ontoclasm_vaults_bender,
          nicolae_vaults_alarming, nicolae_vaults_halls_meeting, v_misc_27,
          v_rooms_1, nicolae_vaults_circle_grid_a, vaults_dpeg_hooks,
          vaults_dpeg_ring, vaults_room_semicircle, v_misc_32,
          layout_vaults_ring, serial_glass
Vaults:5: uniq_jory

Skill      XL: |  1  2  3  4  5  6  7  8  9 10 11 12 13 14 15 16 17 18 19 20 21 22 23 |
---------------+----------------------------------------------------------------------+-----
Shields        | 4 5 6 7 8 9 10 11 12 13 14 15 16 17 18 19 20 21 | 21.2
Long Blades    | 3 4 5 6 8 9 10 11 12 13 14 15 16 | 16.9
Invocations    | 2 3 4 6 7 8 9 10 11 12 13 14 15 16 17 | 17.5
Fighting       | 4 5 7 8 10 11 12 13 14 15 16 17 18 19 20 | 20.0
Throwing       | 1 3 4 6 7 9 11 12 13 14 | 14.1
Armour         | 4 5 7 8 9 11 12 13 14 15 16 17 18 19 20 | 20.0
Evocations     | 1 3 4 5 7 8 |  8.4
Dodging        | 2 4 7 9 10 | 10.2
Short Blades   | 3 6 8 10 | 10.0

Action                   |  1- 3 |  4- 6 |  7- 9 | 10-12 | 13-15 | 16-18 | 19-21 | 22-24 || total
-------------------------+-------+-------+-------+-------+-------+-------+-------+-------++-------
Melee: Long sword        |   102 |   144 |   312 |   433 |       |       |       |       ||   991
       Headbutt          |    18 |    23 |    75 |   141 |   300 |   432 |   471 |   148 ||  1608
       Scimitar          |       |       |       |   191 |   841 |   976 |   601 |       ||  2609
       Morningstar       |       |       |       |       |    32 |       |       |       ||    32
       Rapier            |       |       |       |       |       |   204 |       |       ||   204
       Double sword      |       |       |       |       |       |     2 |   582 |   416 ||  1000
Throw: Dart              |       |       |       |    38 |       |    24 |       |       ||    62
       Boomerang         |       |       |       |    10 |       |    53 |    37 |   100 ||   200
Invok: Divine Shield     |       |       |       |     2 |     7 |     1 |       |       ||    10
       Summon Divine War |       |       |       |       |     3 |     2 |       |     5 ||    10
       Cleansing Flame   |       |       |       |       |     1 |       |       |     4 ||     5
Evoke: Wand              |       |       |       |    15 |    32 |       |       |     1 ||    48
  Use: Scroll            |       |    11 |     2 |     5 |     4 |     1 |       |     1 ||    24
       Potion            |       |     5 |       |     4 |     2 |       |       |     5 ||    16
Armor: Scale mail        |    14 |       |       |       |       |       |       |       ||    14
       Plate armour      |    44 |    81 |   176 |   166 |   175 |       |    16 |   141 ||   799
       Crystal plate arm |       |       |       |   181 |    82 |       |       |       ||   263
       Chain mail        |       |       |       |       |    90 |   669 |   322 |       ||  1081
Dodge: Dodged            |    29 |    19 |    50 |   104 |   190 |   403 |   259 |   149 ||  1203
Block: Kite shield       |    56 |    85 |   218 |   424 |   599 |  1034 |   814 |   393 ||  3623
       Rpst.: Long sword |     7 |     7 |    13 |    14 |       |       |       |       ||    41
       Scimitar          |       |       |       |     8 |    34 |    64 |    21 |       ||   127
       Double sword      |       |       |       |       |       |       |    25 |    31 ||    56
